Cogmind - Beta 14 @@@ ROGUE MODE // 2024.10.10 @ 19:19:21 Player: Shockbound Result: Destroyed by G-47 Trooper with Particle Gun Performance ------------- Evolutions (2) 1000 Regions Visited (3) 600 Robots Destroyed (32) 160 Value Destroyed (784) 784 Prototype IDs (3) 60 Alien Tech Used (0) 0 Bonus (0) 0 TOTAL SCORE: 2604 Bonus ------- None Cogmind --------- Core Integrity 0/550 Matter 59/300 Energy 87/100 System Corruption 3% Temperature Cool (9) Movement Core (100) Ox1 Location -8/Materials Parts ------- > --- POWER (1) -------- (None) > --- PROPULSION (4) --- (None) > --- UTILITY (3) ------ Propulsion Shielding > --- WEAPON (3) ------- Pulse Rifle > --- INVENTORY (5) ---- Aerolev Unit Peak State ------------ > --- POWER ------------ Light Deuterium Engine > --- PROPULSION ------- (None) > --- UTILITY ---------- Propulsion Shielding Hardened Light Armor Plating Improved Field Recycling Unit > --- WEAPON ----------- Grenade Launcher Grenade Launcher > --- INVENTORY -------- Light Assault Rifle Mini Grenade Launcher [Rating: 12] Favorites ----------- Power Light Ion Engine Engine Light Ion Engine Propulsion Light Treads Treads Light Treads Flight Unit Flight Unit Utility Small Storage Unit Device Improved Field Recycling Unit Storage Small Storage Unit Protection Propulsion Shielding Weapon Assault Rifle Energy Gun EM Shotgun Ballistic Gun Assault Rifle Launcher Grenade Launcher Build | -11 -10 -9 -8 ------- Run | Yrd Mat Mat Mat Slots Evolved 4 | . . 2 2 Power . | . . . . Propulsion 2 | . . 2 . Utility 1 | . . . 1 Weapon 1 | . . . 1 Parts Attached 41 | 6 14 5 16 Power 5 | 1 2 1 1 Engine 5 | 1 2 1 1 Core . | . . . . Reactor . | . . . . Propulsion 6 | 2 . 3 1 Treads 2 | 2 . . . Leg . | . . . . Wheel . | . . . . Hover . | . . . . Flight 4 | . . 3 1 Utility 5 | 1 1 . 3 Device 1 | . . . 1 Storage 1 | 1 . . . Processor . | . . . . Hackware . | . . . . Protection 3 | . 1 . 2 Artifact . | . . . . Weapon 25 | 2 11 1 11 Energy Gun 6 | 1 2 . 3 Energy Cannon . | . . . . Ballistic Gun 9 | 1 5 1 2 Ballistic Cannon . | . . . . Launcher 10 | . 4 . 6 Special Weapon . | . . . . Impact Weapon . | . . . . Slashing Weapon . | . . . . Piercing Weapon . | . . . . Special Melee Weapon . | . . . . Unidentified Prototypes 1 | . . . 1 Parts Lost 13 | . . 1 12 Power 2 | . . . 2 Propulsion 3 | . . 1 2 Utility 2 | . . . 2 Weapon 6 | . . . 6 Highest Loss Streak 8 | . . 1 8 To Critical Strikes . | . . . . Average Slot Usage (%) 78 | . 91 69 32 Engine 12 | . 14 10 5 Treads 19 | . 28 . . Flight 5 | . . 29 4 Storage 9 | . 14 . . Protection 7 | . 6 11 11 Energy Gun 2 | . 2 . 1 Ballistic Gun 18 | . 22 17 3 Launcher 2 | . 2 . 3 Peak Build Rating 12 | 6 8 10 12 Average Rating 6 | 4 6 8 6 On Entrance 5 | . 6 7 7 Naked Turns . | . . . . Heaviest Build 29 | 11 14 11 29 Greatest Support 40 | 40 40 12 8 Greatest Overweight (x) 9 | . . . 9 Average Overweight (x) . | . . . 1 Largest Inventory Capacity 8 | 8 8 8 5 Average Capacity 7 | 6 8 5 5 Most Carried 8 | 3 8 6 5 Average Carried 4 | . 4 4 3 Final Capacity 8 | 8 8 5 5 Final Carried 7 | . 7 5 1 Class Distribution -------------------- 100% | Mutant Dominant Class ---------------- Mutant | -10/Materials Mutant | -9/Materials Mutant | -8/Materials Resources | -11 -10 -9 -8 ----------- Run | Yrd Mat Mat Mat Matter Collected 684 | 253 258 114 59 Remotely . | . . . . Salvage Created 840 | . 470 114 256 Parts 64 | . 41 10 13 Haulers Intercepted 4 | . 1 . 3 Recyclers Shooed . | . . . . Parts Field Recycled 9 | . . . 9 Retrieved Matter 147 | . . . 147 Parts Self-Destructed . | . . . . Prevented . | . . . . Kills | -11 -10 -9 -8 ------- Run | Yrd Mat Mat Mat Combat Hostiles Destroyed 20 | . 11 3 6 Guns 7 | . 3 3 1 AOE 13 | . 8 . 5 Classes Destroyed 7 | . 6 1 . Builder 5 | . 5 . . Hauler 4 | . 1 . 3 Recycler 2 | . 2 . . Watcher 1 | . 1 . . Swarmer 3 | . 3 . . Grunt 16 | . 8 2 6 Sentry 1 | . . 1 . Best Kill Streak 5 | . 5 2 4 Combat Bots Only 4 | . 4 2 2 Max Kills in Single Turn 4 | . 4 1 3 Gunslinging . | . . . . Exploded 3 | . 3 . 2 Melee . | . . . . Uniques/NPCs Destroyed . | . . . . Combat | -11 -10 -9 -8 -------- Run | Yrd Mat Mat Mat Hostile Shots Fired 173 | . 37 19 117 Missed 46 | . 9 5 32 Damage Taken 1826 | . 367 166 1293 Core 633 | . 61 11 561 Absorbed by Shields . | . . . . Redirected to Shielding 36 | . 6 16 14 Regen/Repaired (Parts) 151 | . 112 . 39 Core Remaining (%) 90 | 100 75 97 . Volleys Fired 56 | . 30 12 14 Largest 3 | . 2 2 3 Hottest 90 | . 60 43 90 Shots Fired 100 | . 56 20 24 Gun 69 | . 38 20 11 Cannon . | . . . . Launcher 31 | . 18 . 13 Special . | . . . . Kinetic 66 | . 38 20 8 Thermal 3 | . . . 3 Explosive 31 | . 18 . 13 Electromagnetic . | . . . . Robot Hit Streak 7 | . 7 6 3 Robot Miss Streak 4 | . 4 3 1 Penetration Max . | . . . . Secondary Targets . | . . . . Shots Hit Robots 58 | . 32 10 16 Core Hits 59 | . 33 6 20 Critical Kills . | . . . . Critical Parts Destroyed . | . . . . Critical Strikes . | . . . . Melee Attacks . | . . . . Impact . | . . . . Slashing . | . . . . Piercing . | . . . . Sneak Attacks . | . . . . Combat Hostiles . | . . . . Follow-up Attacks . | . . . . Damage Inflicted 2539 | . 1447 165 927 Guns 464 | . 222 165 77 Cannons . | . . . . Explosions 2073 | . 1223 . 850 Melee . | . . . . Ramming 2 | . 2 . . Kinetic 431 | . 222 165 44 Thermal 33 | . . . 33 Explosive 2073 | . 1223 . 850 Electromagnetic . | . . . . Impact . | . . . . Slashing . | . . . . Piercing . | . . . . Highest Corruption 5 | . 5 . 3 Average Corruption 4 | . 4 . 3 Corruption Purged . | . . . . Corruption Blocked . | . . . . Effects 28 | . 28 . . Message Errors 9 | . 9 . . Matter Fused 9 | . 9 . . Heat Flow Errors 2 | . 2 . . Energy Discharges 1 | . 1 . . Data Loss (minor) 5 | . 5 . . Misfires 1 | . 1 . . Alerts 1 | . 1 . . Overload Shots . | . . . . Overflow Damage 25 | . 25 . . Projectiles . | . . . . Explosions 25 | . 25 . . Melee . | . . . . Knockbacks . | . . . . Impact . | . . . . Kinetic . | . . . . Secondary . | . . . . Self-Inflicted Damage 86 | . 53 . 33 Shots 7 | . 5 . 2 Rammed 1 | . 1 . . Targets Rammed 1 | . 1 . . Kicked . | . . . . Crushed . | . . . . Highest Temperature 244 | . 244 6 33 Average Temperature 43 | . 74 2 11 Received Heat Transfer 648 | . 138 78 432 Siege Activations . | . . . . Robots Corrupted . | . . . . Combat Hostiles . | . . . . Parts Fried . | . . . . Impact Corruptions . | . . . . Robots Melted . | . . . . Combat Hostiles . | . . . . Parts Melted . | . . . . Heat Transferred 74 | . . . 74 Parts Sabotaged . | . . . . Parts Stolen . | . . . . Parts Stripped . | . . . . Power Chain Reactions . | . . . . Alert | -11 -10 -9 -8 ------- Run | Yrd Mat Mat Mat Peak Influence 264 | . 264 178 249 Initial 74 | . . 7 74 Average 86 | . 81 48 159 Maximum Alert Level 1 | . 1 . 1 Low Security (%) 83 | 100 83 100 67 Level 1 16 | . 16 . 32 Level 2 . | . . . . Level 3 . | . . . . Level 4 . | . . . . Level 5 . | . . . . High Security . | . . . . Max Security . | . . . . Squads Dispatched 6 | . 4 1 1 Investigation 1 | . 1 . . Extermination . | . . . . Reinforcement 5 | . 3 1 1 Assault . | . . . . Garrison . | . . . . Intercept . | . . . . Searches Triggered . | . . . . Construction Impeded . | . . . . Haulers Reinforced . | . . . . Active Scanning Responses . | . . . . Cargo Convoy Interrupts . | . . . . Stealth | -11 -10 -9 -8 --------- Run | Yrd Mat Mat Mat Distress Signals 2 | . 1 . 1 Communications Jammed . | . . . . Distress Signals . | . . . . Times Spotted 46 | . 25 5 16 Peak Tracking Total 6 | . 6 2 6 Tactical Retreats 3 | . . . 3 Traps | -11 -10 -9 -8 ------- Run | Yrd Mat Mat Mat Traps Triggered 2 | . 2 . . Indirectly . | . . . . Trap Hack Attempts . | . . . . Triggered . | . . . . Disarmed . | . . . . Reprogrammed . | . . . . Reused . | . . . . Traps Extracted . | . . . . Installed . | . . . . Triggered . | . . . . Machines | -11 -10 -9 -8 ---------- Run | Yrd Mat Mat Mat Machines Disabled . | . . . . Max in Single Turn . | . . . . Machines Repaired . | . . . . Machines Dismantled . | . . . . Machines Sabotaged . | . . . . Overloaded Fab Kills . | . . . . Hacking | -11 -10 -9 -8 --------- Run | Yrd Mat Mat Mat Machines Accessed 12 | . 7 2 3 Terminals 8 | . 5 2 1 Fabricators . | . . . . Repair Stations 2 | . 1 . 1 Recycling Units 1 | . 1 . . Scanalyzers 1 | . . . 1 Garrison Access . | . . . . Total Hacks 32 | . 18 3 11 Successful 18 | . 8 2 8 Failed 14 | . 10 1 3 Catastrophic 2 | . 2 . . Database Lockouts . | . . . . Manual . | . . . . Terminals 20 | . 13 3 4 Fabricators . | . . . . Repair Stations 9 | . 4 . 5 Recycling Units 1 | . 1 . . Scanalyzers 2 | . . . 2 Garrison Access . | . . . . Terminal Hacks 6 | . 3 2 1 Prototype ID Bank 1 | . . . 1 Branch Access Points 1 | . . 1 . Emergency Access Points 2 | . 1 1 . Unreport Threat 1 | . 1 . . Zone Layout 1 | . 1 . . Fabricator Hacks . | . . . . Repair Station Hacks 9 | . 4 . 5 Scan Component 4 | . 2 . 2 Repair 4 | . 2 . 2 Refit 1 | . . . 1 Recycling Unit Hacks 1 | . 1 . . Retrieve Components 1 | . 1 . . Scanalyzer 2 | . . . 2 Insert Component 1 | . . . 1 Analyze 1 | . . . 1 Garrison Access Hacks . | . . . . Unauthorized Hacks . | . . . . Terminals . | . . . . Fabricators . | . . . . Repair Stations . | . . . . Recycling Units . | . . . . Scanalyzers . | . . . . Garrison Access . | . . . . Data Cores Recovered . | . . . . Used . | . . . . Hacking Detections 11 | . 6 2 3 Full Trace Events 2 | . 2 . . Feedback Events 1 | . 1 . . Corruption 1 | . 1 . . Feedback Blocked . | . . . . Robot Schematics Acquired . | . . . . Robots Built . | . . . . Authchips . | . . . . Time . | . . . . Total Robot Build Rating . | . . . . Part Schematics Acquired 1 | . . . 1 Parts Built . | . . . . Authchips . | . . . . Time . | . . . . Total Part Build Rating . | . . . . Parts Repaired 4 | . 2 . 2 Time 104 | . 52 . 52 Parts Recycled . | . . . . Recycled Matter . | . . . . Retrieved Matter . | . . . . Retrieved Components 2 | . 2 . . Parts Scanalyzed 1 | . . . 1 Part Schematics Acquired 1 | . . . 1 Parts Damaged . | . . . . Bothacking | -11 -10 -9 -8 ------------ Run | Yrd Mat Mat Mat Used RIF Installer . | . . . . Robots Hacked . | . . . . Non-combat . | . . . . Combat . | . . . . Robot Hacks Applied . | . . . . Relay Couplers Released . | . . . . Fabnet Peak Effective % . | . . . . Robots Rewired . | . . . . Allies Hacked . | . . . . Hacks Repelled . | . . . . Allies | -11 -10 -9 -8 -------- Run | Yrd Mat Mat Mat Total Allies . | . . . . Largest Group . | . . . . Highest-Rated Group . | . . . . Highest-Rated Ally . | . . . . Total Orders . | . . . . Ally Attacks . | . . . . Total Damage . | . . . . Kills . | . . . . Allies Corrupted . | . . . . Allies Melted . | . . . . Intel | -11 -10 -9 -8 ------- Run | Yrd Mat Mat Mat Robot Analysis Total . | . . . . Derelict Logs Recovered . | . . . . Drone Launches . | . . . . Drone Recoveries . | . . . . Exploration | -11 -10 -9 -8 ------------- Run | Yrd Mat Mat Mat Turns Passed 1942 | 92 1264 264 322 Spaces Moved 1267 | 58 678 346 185 Core 129 | 11 . . 118 Treads 725 | 47 678 . . Legs . | . . . . Wheels . | . . . . Hover . | . . . . Flight 413 | . . 346 67 Fastest Speed 34 | 50 160 34 37 Average Speed 118 | 139 160 35 112 Slowest Speed 500 | 160 160 37 500 Overloaded Moves . | . . . . Propulsion Burnouts . | . . . . Robots Hopped . | . . . . Cave-ins Triggered . | . . . . Exploration Rate (%) 38 | 4 93 34 24 Regions Visited 3 Branch Regions . Pre-discovered Areas . | . . . . Known Exits Taken . | . . . . Unknown Exits Taken 3 | 1 1 1 . Scrap Searched . | . . . . Spaces Dug . | . . . . Terrain Destroyed 140 | . 78 . 62 Melee . | . . . . Projectile . | . . . . AOE 140 | . 78 . 62 Terrain Rammed . | . . . . Walls Destroyed . | . . . . Machines Disabled . | . . . . Actions | -11 -10 -9 -8 --------- Run | Yrd Mat Mat Mat Total 1623 | 69 805 470 279 Wait 210 | . 60 98 52 Move 1264 | 57 677 345 185 Hop . | . . . . Pick Up 30 | 6 16 3 5 Fast Attach 5 | . . 1 4 Attach 25 | 6 3 4 12 Detach 4 | . 1 . 3 Swap 11 | . 11 . . Drop 17 | . 6 7 4 Fire 56 | . 30 12 14 Melee . | . . . . Ram . | . . . . Kick . | . . . . Crush 1 | . 1 . . Escape Stasis . | . . . . Rewire . | . . . . Trap . | . . . . Miscellaneous . | . . . . Route ------- -11/Scrapyard -10/Materials (discovered 3 exits: *Mat x2 / [*Min]) -9/Materials (discovered 2 exits: *Mat / Min) -8/Materials History --------- Turn | Location | Event 4 | -11/Scrapyard | Discovered new exit (range 15) 93 | -11/Scrapyard | Entered Materials 319 | -10/Materials | Build established: Mutant 706 | -10/Materials | Discovered new exit (range 4) 863 | -10/Materials | Discovered new exit (range 7) 1020 | -10/Materials | Discovered new exit (range 7) 1280 | -10/Materials | Repaired Grenade Launcher 1307 | -10/Materials | Repaired Assault Rifle 1357 | -10/Materials | Entered another Materials area 1357 | -9/Materials | Evolved 2 slots: Propulsion x2 1399 | -9/Materials | Identified exit to Mines 1514 | -9/Materials | Discovered new exit (range 10) 1621 | -9/Materials | Entered another Materials area 1621 | -8/Materials | Evolved 2 slots: Utility x1, Weapon x1 1660 | -8/Materials | Repaired Flight Unit 1688 | -8/Materials | Repaired Propulsion Shielding 1759 | -8/Materials | Lost 3 parts (2n1w) 1884 | -8/Materials | Core integrity fell below 50% 1904 | -8/Materials | Core integrity fell below 20% 1937 | -8/Materials | Lost 8 parts (1p2u5w) 1943 | -8/Materials | Destroyed by G-47 Trooper with Particle Gun Last Messages --------------- U-05 Engineer lays Concrete. Acquired Pulse Rifle. U-05 Engineer lays Concrete. The unstable cave ceiling collapses. U-05 Engineer lays Concrete. G-47 Trooper destroyed. U-05 Engineer lays Concrete. Acquired 28 matter. U-05 Engineer lays Concrete. O-16 Technician sends out distress signal. O-16 Technician: "IFF HANDSHAKE FAILED. SECURING TERMINAL." The unstable cave ceiling collapses. U-05 Engineer lays Concrete. Acquired Prototype Hover Unit. O-16 Technician uses terminal to summon reinforcements. ALERT: Hostiles spotted, dispatching reinforcements to Terminal M002. O-16 Technician locks terminal. Map ----- +----------------------------------------------------+ | | | | | | | | | | | | | | | | | | | | | | | | | | | | | | | | | | | | | | | | | | | ??????????????????####?????????????????????? | | ??????????######?# " #?????????????????????? | | ??????????# #?#"G"#??????????????????#### | | ?????????## ###"g"##########?????????# | | ???????### g@g* +?????????# " | | ?#####?# ==* ##????????????# [! | | ?#== ### =** #?????????????# " | | ?# # # #?????????????# | | ?# / #?????????????# | | ?# # ! !! #?????????????# | | ?# #[ " !! ##+######## | | ?# u !#^ To # "" | | ?# # #= [ [[+ " + "" | | ?# [ *[ #[ ! # "" | | ?##### [[# [ ##+###### # | | ????## # [[!########### ###?????###+#### | | ?????# # [ #?????????? #???????# ! | | ?????# # [[ #???????????????????# | | ?????# # #?####??????????????# """ | | ?????# ##########?# ???????????????# """ | | ?????# #??????????# #???????????????# """ " | | ?????# #?????????## #########???????# """ " | | ?????# ########### # """ #???????# | | ?????# T + """ ]#???????# [ | | ?????############# # """ #???????######## | | ?????????????????## ## #??????????????? | | ??????????????????# ## [ #????????####### | | ??????????????????# ## #????????# | | ??????????????????# #######/#????????# | +----------------------------------------------------+ Best States ------------- Heat Dissipation 31 Energy Generation 14 Energy Capacity 250 Matter Stores 293 Matter Capacity 300 Sight Range 16 Terrain Scan Density 10 Armor Coverage 150 Propulsion Shielding 33 Evasion (%) 63 Recoil Reduction 2 Item Schematics ----------------- Grenade Launcher | -8/Materials | Scanalyzed Robot Schematics ------------------ None Fabricated ------------ Nothing Alien Tech Used ----------------- None Achievements -------------- Maybe Next Time I'll Detach My Launcher Challenges ------------ None Game ------ Seed DataCryofiberThrower Manual? 0 Play Time 00:24:46 Cumulative 6.7 hours Start 2024.10.10 @ 18:49:46 End 2024.10.10 @ 19:19:21 Sessions 1 Manual Loads 0 Difficulty Rogue Special Mode None Game No. 8 Rogue 8 Adventurer 0 Explorer 0 Win Type - Total 0 Types 0/0/0/0/0/0/0/0/0 Lore% 6 Gallery% 10 Achievement% 12 Wizard Run 0 Options --------- Layout 1 ASCII 0 Keyboard 0 Movement Mouse Keybinds 0 Fullscreen 0 Font 20/SmallcapsGlow Map View 50x35 Zoom Use 0% Tactical HUD 0 Map Filters NONE Filters NONE Steam 1 RUN: ec7a69d9-81da-4a07-8991-73a0e0d549ca